 Dungeon Crawl Stone Soup version 0.27-a0-909-g0721f309d1 (webtiles) character file.

Game seed: 5855597678661732593

18522 siradein the Thaumaturge (level 12, 0/94 HPs)
             Began as a Djinni Earth Elementalist on Apr 8, 2021.
             Was a Priest of Makhleb.
             Slain by a tengu reaver
             ... wielding a +2 vorpal long sword
              (3 damage)
             ... on level 13 of the Dungeon on Apr 9, 2021.
             The game lasted 00:40:58 (14828 turns).

siradein the Thaumaturge (DjEE)                    Turns: 14828, Time: 00:40:58

Health: 0/94       AC:  7    Str:  7    XL:     12   Next: 59%
Gold:   299        EV: 20    Int: 29    God:    Makhleb [***...] SH: 11 Dex: 19

rFire    + + +     SeeInvis .   Q - +0 mace "Dueway" {vamp, Int+6}
rCold    . . .     Faith    .   t - +0 buckler
rNeg     . . .     Spirit   .   P - +2 robe {rC+ rF+}
rPois    ∞         Reflect  +   i - +0 helmet
rElec    .         Harm     .   r - +0 cloak
rCorr    .         Rampage  .   c - +0 pair of gloves
Will     +....                  (boots unavailable)
Stlth    ++........             f - amulet of reflection
HPRegen  0.25/turn              u - +6 ring of dexterity
MPRegen  0.00/turn              J - +4 ring of evasion

@: flying
A: fire resistance 2, cold vulnerability 1, float, innate caster, hp casting,
extra vitality 1
a: Renounce Religion, Minor Destruction, Lesser Servant of Makhleb


You were on level 13 of the Dungeon.
You worshipped Makhleb.
Makhleb was most pleased with you.
You visited 2 branches of the dungeon, and saw 12 of its levels.

You collected 756 gold pieces.
You spent 457 gold pieces at shops.

Inventory:

Hand Weapons
 Q - the +0 mace "Dueway" (weapon) {vamp, Int+6}
   (You bought it in a shop on level 10 of the Dungeon)

   It inflicts no extra harm, but heals its wielder when it wounds a living foe.
   It affects your intelligence (+6).
Missiles
 b - 164 stones
 F - 3 throwing nets
 G - a curare-tipped dart
Armour
 c - a +0 pair of gloves (worn)
 i - a +0 helmet (worn)
 r - a +0 cloak (worn)
 t - a +0 buckler (worn)
 L - a +2 chain mail of cold resistance
 P - a +2 robe of resistance (worn)
Magical Staves
 x - a staff of air
 N - a staff of fire
Jewellery
 f - an amulet of reflection (around neck)
 u - a +6 ring of dexterity (left hand)
 y - a ring of protection from fire
 E - a ring of resist corrosion
 J - a +4 ring of evasion (right hand)
Wands
 v - a wand of random effects (26)
 B - a wand of flame (19)
 C - a wand of digging (8)
Scrolls
 d - 7 scrolls of teleportation
 h - 2 scrolls of enchant armour {unknown}
 k - a scroll of vulnerability {unknown}
 l - 3 scrolls of magic mapping {unknown}
 m - a scroll of summoning {unknown}
 o - a scroll of amnesia {unknown}
 q - 2 scrolls of fog {unknown}
 s - a scroll of enchant weapon {unknown}
 w - 2 scrolls of immolation {unknown}
 A - 2 scrolls of fear {unknown}
 K - 3 scrolls of identify
Potions
 a - 5 potions of curing
 e - 2 potions of cancellation
 g - 4 potions of attraction
 j - a potion of haste
 n - a potion of might
 p - 2 potions of heal wounds
 z - 3 potions of flight {unknown}
 D - 2 potions of degeneration {unknown}
 H - a potion of berserk rage {unknown}
 I - a potion of lignification {unknown}
 M - a potion of mutation {unknown}
 O - a potion of ambrosia {unknown}


   Skills:
 + Level 11.7 Fighting
 + Level 4.1 Armour
 + Level 6.2 Dodging
 - Level 1.5 Stealth
 + Level 5.2 Shields
 + Level 12.0 Spellcasting


You had 7 spell levels left.
You knew the following spells:

 Your Spells              Type           Power      Damage    Failure   Level
a - Sandblast             Erth           100%       2d20      1%          1
b - Passwall              Tmut/Erth      60%        N/A       1%          2
c - Stone Arrow           Conj/Erth      100%       3d13      1%          3
d - Petrify               Tmut/Erth      73%        N/A       1%          4
e - Lee's Rapid Deconstr  Erth           36%        3d19*     1%          5
f - Animate Skeleton      Necr           100%       N/A       1%          1
g - Slow                  Hex            73%        N/A       1%          2
h - Mephitic Cloud        Conj/Pois/Air  73%        N/A       1%          3
i - Ozocubu's Armour      Ice            73%        N/A       1%          3
j - Fulminant Prism       Conj/Hex       36%        3d18      1%          4
Your spell library was empty.

Dungeon Overview and Level Annotations

Branches:
Dungeon (10/15)            Temple (1/1) D:6             Orc (0/2) D:10
   Lair: D:8-11

Altars:
Ashenzari
Cheibriados
Dithmenos
Elyvilon
Fedhas
Hepliaklqana
Kikubaaqudgha
Makhleb
Qazlal
Sif Muna
Uskayaw
Vehumet
Wu Jian
Yredelemnul
Zin
The Shining One

Shops:
D:3 (   D:10 ([


Innate Abilities, Weirdness & Mutations

You are immune to poison.
Your flesh is very heat resistant. (rF++)
You are vulnerable to cold. (rC-)
You float through the air rather than walking.
You learn spells naturally, not from books.
Your magical power is your life essence.
You have superior vitality. (+4 HP)


Message History

The tengu reaver appears confused.
Aiming: Stone Arrow (safe; 1% risk of failure)
Press: ? - help, Q - select action, (/) - cycle Shift-Dir - straight line, f/p - tengu reaver
Aim: a tengu reaver, wielding a +2 vorpal long sword, wearing a +0 scale mail and wearing a +0 buckler (moderately wounded, confused, 16% to evade)
The stone arrow misses the tengu reaver.
The tengu reaver is engulfed in noxious fumes.
Casting: Stone Arrow (safe; 1% risk of failure)
Confirm with . or Enter, or press ? or * to list all spells.
Aiming: Mephitic Cloud (safe; 1% risk of failure)
Press: ? - help, Shift-Dir - straight line, f/p - tengu reaver
Aim: a tengu reaver, wielding a +2 vorpal long sword, wearing a +0 scale mail and wearing a +0 buckler (moderately wounded, confused, chance to affect: 20%)
The ball explodes into a vile cloud!
The stinking cloud engulfs the tengu reaver but does no damage.
The tengu reaver is moderately wounded.
The stinking cloud engulfs you but does no damage.
The tengu reaver is engulfed in noxious fumes.
You block the tengu reaver's attack. x2
The tengu reaver claws you but does no damage.
Aiming: Stone Arrow (safe; 1% risk of failure)
Press: ? - help, Q - select action, (/) - cycle Shift-Dir - straight line, f/p - tengu reaver
Aim: a tengu reaver, wielding a +2 vorpal long sword, wearing a +0 scale mail and wearing a +0 buckler (noxious fumes, moderately wounded, confused, 16% to evade)
The stone arrow hits the tengu reaver!!
The tengu reaver is heavily wounded.
The tengu reaver is engulfed in noxious fumes.
The tengu reaver hits you with a +2 vorpal long sword!!
* * * LOW HITPOINT WARNING * * *
x2 The tengu reaver pecks you but does no damage.
The tengu reaver claws you!
* * * LOW HITPOINT WARNING * * *
The tengu reaver is engulfed in noxious fumes.
The tengu reaver appears confused.
Aiming: Stone Arrow (safe; 1% risk of failure)
Press: ? - help, Q - select action, (/) - cycle Shift-Dir - straight line, f/p - tengu reaver
Aim: a tengu reaver, wielding a +2 vorpal long sword, wearing a +0 scale mail and wearing a +0 buckler (noxious fumes, heavily wounded, confused, 16% to evade)
The stone arrow misses the tengu reaver.
* * * LOW HITPOINT WARNING * * *
The tengu reaver is engulfed in noxious fumes.
The tengu reaver closely misses you. You block the tengu reaver's attack.
The tengu reaver claws you.
You die...

#......##..'.....'..#
#....)..#'##....[##+#
#.......#..##...##
#...###'#)..##'##
#..## #.....#...#
#..#. #.....#...#
#.##..##...##...##
#.#...§#####.....###
#)#....☼Q@...........
#####################


You could see a tengu reaver (confused).

Vanquished Creatures
  A sphinx (D:13)
  An ettin (D:13)
  Harold (D:9)
  A boulder beetle (D:13)
  A centaur warrior (D:13)
  3 two-headed ogres
  A deep elf pyromancer (D:13)
  An orc knight (D:13)
  2 manticores (D:13)
  A manticore (shapeshifter) (D:13)
  2 gargoyles (D:7)
  A komodo dragon (D:7)
  A yaktaur (D:13)
  A queen bee (shapeshifter) (D:13)
  3 trolls (D:7)
  A hornet (D:9)
  Grinder (D:3)
  A slime creature (D:13)
  Sigmund (D:3)
  A wraith (D:9)
  16 yaks
  A vampire (D:9)
  2 wyverns
  A basilisk (D:13)
  A steam dragon (D:9)
  Eustachio (D:6)
  Edmund (D:6)
  3 water moccasins
  4 orc warriors
  An ice beast (D:6)
  2 black bears
  A necrophage (D:7)
  2 ogres
  6 centaurs
  2 kobold brigands
  4 bullfrogs
  4 scorpions
  A wyvern zombie (D:8)
  13 killer bees
  A water moccasin skeleton (D:5)
  3 wights (D:8)
  2 howler monkeys (D:7)
  2 bullfrog zombies (D:7)
  2 centaur zombies
  4 centaur skeletons
  3 quasits (D:4)
  2 jellies
  Crazy Yiuf (D:3)
  5 orc priests
  A gnoll shaman (D:3)
  Jessica (D:2)
  An iguana (D:5)
  11 orc wizards
  The ghost of jasper the Charlatan, a weakling DsAr (D:4)
  A hound skeleton (D:4)
  Robin (D:2)
  2 adders
  5 gnolls (D:3)
  2 howler monkey skeletons
  3 white imps (D:7)
  2 ufetubi
  3 worms
  6 dart slugs
  39 orcs
  6 ball pythons
  6 endoplasms
  2 giant cockroaches
  15 goblins
  9 hobgoblins
  4 jackals (D:2)
  2 quokkas (D:1)
  10 bats
  2 frilled lizards
  18 kobolds
  5 rats
275 creatures vanquished.

Vanquished Creatures (others)
  3 fulminant prisms
3 creatures vanquished.

Grand Total: 278 creatures vanquished

Notes
Turn   | Place    | Note
-------+----------+-------------------------------------------
     0 | D:1      | siradein the Djinni Earth Elementalist began the quest for
                  | the Orb.
     0 | D:1      | Reached XP level 1. HP: 15/15 MP: 0/0
   293 | D:1      | Reached skill level 3 in Spellcasting
   323 | D:1      | Reached XP level 2. HP: 19/21 MP: 0/0
  1165 | D:2      | Reached XP level 3. HP: 18/25 MP: 0/0
  1165 | D:2      | Learned a level 1 spell: Animate Skeleton
  1165 | D:2      | Noticed Jessica
  1173 | D:2      | Killed Jessica
  1174 | D:2      | Reached skill level 4 in Spellcasting
  1571 | D:2      | Reached XP level 4. HP: 29/31 MP: 0/0
  1613 | D:2      | Found a faded altar of an unknown god.
  1655 | D:2      | Noticed Robin
  1691 | D:2      | HP: 1/31 [goblin/+0 club[Robin] (6)]
  2153 | D:2      | Killed Robin
  3005 | D:2      | Noticed an orc warrior
  3102 | D:3      | Reached XP level 5. HP: 22/35 MP: 0/0
  3102 | D:3      | Learned a level 2 spell: Slow
  3232 | D:3      | Noticed Sigmund
  3239 | D:3      | Killed Sigmund
  3240 | D:3      | Reached skill level 5 in Spellcasting
  3240 | D:3      | Reached XP level 6. HP: 5/40 MP: 0/0
  3667 | D:3      | Noticed Grinder
  3702 | D:3      | Killed Grinder
  3703 | D:3      | Reached skill level 6 in Spellcasting
  3703 | D:3      | Reached XP level 7. HP: 17/45 MP: 0/0
  3703 | D:3      | Learned a level 3 spell: Mephitic Cloud
  4469 | D:3      | Found Bolih's Weapon Boutique.
  4903 | D:3      | Found a runed translucent door.
  4904 | D:3      | Noticed Crazy Yiuf
  4909 | D:3      | Killed Crazy Yiuf
  4910 | D:3      | Reached skill level 7 in Spellcasting
  4990 | D:4      | Found a transporter.
  5027 | D:4      | Noticed jasper's ghost (weakling DsAr)
  5228 | D:4      | Reached skill level 1 in Fighting
  5835 | D:4      | Found a transporter.
  5884 | D:4      | Reached XP level 8. HP: 45/55 MP: 0/0
  6059 | D:4      | Killed jasper's ghost
  6313 | D:5      | Entered Level 5 of the Dungeon
  7286 | D:6      | Reached skill level 8 in Spellcasting
  7314 | D:6      | Noticed Edmund
  7498 | D:6      | Killed Edmund
  7695 | D:6      | Found a staircase to the Ecumenical Temple.
  7717 | Temple   | Entered the Ecumenical Temple
  7749 | Temple   | Became a worshipper of Makhleb the Destroyer
  7879 | D:6      | Reached skill level 5 in Fighting
  7883 | D:6      | Identified the +0 pair of boots of Kinadd {Rampage *Corrode
                  | Str+2 Int+4}
  8027 | D:6      | Noticed Eustachio
  8031 | D:6      | Killed Eustachio
  8032 | D:6      | Reached XP level 9. HP: 53/65 MP: 0/0
  8032 | D:6      | Learned a level 3 spell: Ozocubu's Armour
  8756 | D:7      | Reached skill level 9 in Spellcasting
  8799 | D:7      | HP: 2/67 [orc wizard/magic dart (6)]
  9696 | D:7      | Reached * piety under Makhleb
 10011 | D:7      | Noticed a two-headed ogre
 10015 | D:7      | HP: 3/69 [two-headed ogre/+0 dire flail (18)]
 10016 | D:7      | Noticed a troll
 10336 | D:7      | Killed a troll
 10337 | D:7      | Reached XP level 10. HP: 52/76 MP: 0/0
 10553 | D:7      | Killed a two-headed ogre
 10554 | D:7      | Reached skill level 10 in Spellcasting
 10566 | D:7      | Noticed a two-headed ogre
 10572 | D:7      | Killed a two-headed ogre
 10646 | D:7      | Noticed a gargoyle
 10691 | D:7      | Killed a gargoyle
 11001 | D:7      | Identified the +6 falchion of the Snake Pit {holy, rElec
                  | rPois Will- Dex+4}
 11009 | D:7      | Noticed a gargoyle
 11011 | D:7      | Killed a gargoyle
 11237 | D:8      | Reached skill level 10 in Fighting
 11240 | D:8      | Reached skill level 11 in Spellcasting
 11243 | D:8      | Reached XP level 11. HP: 58/85 MP: 0/0
 11243 | D:8      | Learned a level 4 spell: Fulminant Prism
 11853 | D:8      | Reached ** piety under Makhleb
 12337 | D:9      | Noticed a two-headed ogre
 12702 | D:9      | Killed a two-headed ogre
 12703 | D:9      | Reached skill level 1 in Shields
 13478 | D:9      | Noticed Harold
 13491 | D:9      | Killed Harold
 13596 | D:9      | Identified the +2 flail of Nemelex Xobeh's Esteem {holy,
                  | rElec rF+ Dex+3}
 13670 | D:9      | Reached skill level 1 in Armour
 13895 | D:10     | Entered Level 10 of the Dungeon
 13932 | D:10     | Found Emont's Weapon Shoppe.
 13932 | D:10     | Found a staircase to the Orcish Mines.
 13942 | D:10     | Found Qagenun's Armour Shoppe.
 13954 | D:10     | Reached *** piety under Makhleb
 14067 | D:10     | Bought the +0 mace "Dueway" {vamp, Int+6} for 457 gold
                  | pieces
 14111 | D:10     | You are sucked into a shaft and drop 3 floors!
 14151 | D:13     | Identified the +2 mace "Djinni's Bane" {venom, Dex+3}
 14165 | D:13     | Noticed a deep elf pyromancer
 14170 | D:13     | Killed a deep elf pyromancer
 14227 | D:13     | Noticed a manticore
 14342 | D:13     | Killed a manticore
 14343 | D:13     | Reached XP level 12. HP: 94/94 MP: 0/0
 14353 | D:13     | Reached skill level 5 in Dodging
 14394 | D:13     | Noticed a centaur warrior
 14398 | D:13     | Killed a centaur warrior
 14471 | D:13     | Noticed a boulder beetle
 14549 | D:13     | Killed a boulder beetle
 14577 | D:13     | Noticed a sphinx
 14582 | D:13     | Killed a sphinx
 14583 | D:13     | Reached skill level 12 in Spellcasting
 14627 | D:13     | Noticed an ettin
 14634 | D:13     | Killed an ettin
 14635 | D:13     | Reached skill level 5 in Shields
 14677 | D:13     | Noticed a storm dragon
 14815 | D:13     | Noticed a tengu reaver
 14828 | D:13     | Slain by a tengu reaver

Illustrated notes

Levels and vault maps discovered:
D:1:      minmay_arrival_four_circles, layout_loops_ring
D:2:      layout_basic, basic_ecumenical_altar, uniq_jessica, uniq_robin
D:3:      layout_basic, serial_shops, shop, uniq_sigmund, uniq_grinder,
          uniq_crazy_yiuf_cottage
D:4:      layout_rooms, gammafunk_ghost_stat_death
D:5:      layout_gridville
D:6:      layout_loops_ring, minmay_temple_entry_large_hall, uniq_edmund,
          uniq_eustachio
D:7:      minmay_the_grid_octo_2x2 [minmay_the_grid_octo_fat_diamond,
          minmay_the_grid_octo_checkered, minmay_the_grid_octo_focus,
          minmay_the_grid_octo_prize_square_snowflake], layout_basic,
          minmay_circle_x
D:8:      layout_loops_ring, kennysheep_mini
D:9:      layout_basic, minmay_statues_item, uniq_harold
D:10:     layout_loops_corners, orc_david_3, serial_shops,
          nicolae_shop_waterfront
D:13:     minmay_box_of_curves, layout_basic
Temple:   nicolae_temple_the_god_donut

Skill      XL: |  1  2  3  4  5  6  7  8  9 10 11 12 |
---------------+-------------------------------------+-----
Spellcasting   | 3 4 5 6 7 8 9 11 12 | 12.0
Fighting       | 2 5 7 10 11 | 11.7
Shields        | 3 5 |  5.2
Dodging        | 4 6 |  6.2
Armour         | 2 4 |  4.1
Stealth        | |  1.5

Action                   |  1- 3 |  4- 6 |  7- 9 | 10-12 || total
-------------------------+-------+-------+-------+-------++-------
Melee: Dagger            |     4 |   105 |       |       ||   109
       Falchion          |       |       |       |     7 ||     7
 Cast: Sandblast         |    38 |    18 |     1 |       ||    57
       Stone Arrow       |       |    12 |   166 |   218 ||   396
       Mephitic Cloud    |       |       |    15 |    38 ||    53
       Lee's Rapid Decon |       |       |       |    12 ||    12
       Fulminant Prism   |       |       |       |     3 ||     3
  Use: Scroll            |       |       |     7 |       ||     7
Armor: Robe              |     4 |    16 |    31 |    17 ||    68
Dodge: Dodged            |    10 |    75 |    44 |    29 ||   158
Block: Other             |       |       |    11 |       ||    11
       Buckler           |       |       |     6 |    25 ||    31
       Reflection        |       |       |       |     1 ||     1
       Rpst.: Falchion   |       |       |       |     2 ||     2

Table legend: (Time is in decaauts)
 A = Elapsed time spent in this place.
 B = Non-inter-level travel time spent in this place.
 C = Inter-level travel time spent in this place.
 D = Time resting spent in this place.
 E = Time spent auto-exploring this place.
 F = Levels seen in this place.
 G = Mean time per level.
                   A        B        C        D        E       F      G
               +--------+--------+--------+--------+--------+-----+--------+
         Total |  14828 |  14394 |    434 |   1928 |  10360 |  12 | 1235.7 |
       Dungeon |  14770 |  14361 |    409 |   1928 |  10336 |  11 | 1342.7 |
        Temple |     57 |     32 |     25 |      0 |     24 |   1 |   57.0 |
               +--------+--------+--------+--------+--------+-----+--------+

Top non-repeatable levels by time:
     D:7: 2060 daAuts
     D:3: 1958 daAuts
     D:6: 1838 daAuts
     D:9: 1621 daAuts
     D:2: 1580 daAuts
     D:1: 1450 daAuts
     D:4: 1324 daAuts
     D:8: 1059 daAuts
     D:5: 944 daAuts
    D:13: 716 daAuts
    D:10: 215 daAuts
  Temple: 57 daAuts
